 Dungeon Crawl Stone Soup version 0.32-a0-613-g40f424ee2b (webtiles) character file.

Game seed: 8527767132224095296

725570 Fastnbulbous the Slayer (level 27, -2/242 HPs)
             Began as a Coglin Delver on Mar 1, 2024.
             Was the Champion of Yredelemnul.
             Killed from afar by a wendigo (5 damage)
             ... with a stunning burst
             ... on level 5 of Cocytus on Mar 5, 2024.
             The game lasted 08:25:13 (85925 turns).

Fastnbulbous the Slayer (Coglin Delver)            Turns: 85925, Time: 08:25:14

Health: -2/242     AC: 45    Str: 27      XL:     27
Magic:  10/37      EV: 18    Int: 10      God:    Yredelemnul [******]
Gold:   3374       SH:  0    Dex: 16 (20) Spells: 13/46 levels left

rFire   + + +        Z - +18 lance "Wyrmbane" {slay drac, rPois rF+ rC+ AC+3}
rCold   + + +        a - +9 demon blade (flame) {Cihuaton}
rNeg    . . .        o - +9 plate armour {rF+}
rPois   +            W - +2 helmet {SInv}
rElec   +            R - scarf of Dunoixi {rC+ rF+, Rampage}
rCorr   +            P - +2 pair of gloves {Dex+3}
SInv    +            p - +3 pair of mountain boots {steadfast, rC+}
Will    ++...        (amulet unavailable) Stlth
                     (ring unavailable)
HPRegen 0.60/turn    (ring unavailable)
MPRegen 0.25/turn    X - geotransmogrifier Ver.9 {rElec rPois rCorr Clar RMsl}

%: repel missiles, clarity, rampage
@: fugue, flying, wreathed by umbra, studying Unarmed Combat, unable to drink,
revved
A: off-hand wielding, slow wielding, warmup strikes, no jewellery, cold
resistance 1, strong 1, teleportitis 1
}: 4/15 runes: serpentine, barnacled, slimy, silver
a: Renounce Religion, Light the Black Torch, Recall Undead Harvest, Hurl
Torchlight, Bind Soul, Fathomless Shackles


You were on level 5 of Cocytus.
You worshipped Yredelemnul.
Yredelemnul was most pleased with you.
You visited 13 branches of the dungeon, and saw 60 of its levels.
You also visited: Trove, Ossuary, Bailey and Ice Cave.

You collected 12954 gold pieces.
You spent 9580 gold pieces at shops.

Inventory:

Hand Weapons
 a - a +9 demon blade of flaming (offhand) {Cihuaton}
 E - a +7 heavy demon blade {Zolin}
 K - a +5 rapier of speed {Dalbir}
 Z - the +18 lance "Wyrmbane" (weapon) {slay drac, rPois rF+ rC+ AC+3}
   (You bought it in a shop on level 4 of the Snake Pit)

   AC+3:      It affects your AC (+3).
   rF+:       It protects you from fire.
   rC+:       It protects you from cold.
   rPois:     It protects you from poison.
Armour
 o - a +9 plate armour of fire resistance (worn)
 p - the +3 pair of mountain boots (worn) {steadfast, rC+}
   (You found it on level 5 of the Pits of Slime)

   Steadfast: It prevents involuntary movement, except for blinking,
   teleportation, or banishment.
   rC+:       It protects you from cold.
 P - a +2 pair of gloves of dexterity (worn)
 R - the scarf of Dunoixi (worn) {rC+ rF+, Rampage}
   (You found it on level 3 of the Depths)

   Rampage:   It bestows one free step when moving towards enemies.
 W - a +2 helmet of see invisible (worn)
Gizmo
 X - a geotransmogrifier Ver.9 (installed) {rElec rPois rCorr Clar RMsl}
   (You invented it yourself on level 3 of the Lair of Beasts)

   [geotransmogrifier Ver.9]

   rElec:     It insulates you from electricity.
   rPois:     It protects you from poison.
   Clar:      It protects you from confusion, rage, mesmerisation and fear.
   RMsl:      It protects you from missiles.
   rCorr:     It protects you from acid and corrosion.
Wands
 g - a wand of digging (29)
 i - a wand of charming (78)
 j - a wand of roots (60)
 l - a wand of mindburst (15)
 n - a wand of flame (133)
 r - a wand of light (19)
 F - a wand of polymorph (24)
Scrolls
 b - 3 scrolls of butterflies
 c - 8 scrolls of fog
 d - 10 scrolls of poison
 h - 9 scrolls of teleportation
 s - 3 scrolls of silence
 t - 11 scrolls of vulnerability
 u - a scroll of enchant armour
 w - 3 scrolls of blinking
 x - 6 scrolls of revelation
 y - 8 scrolls of enchant weapon
 B - 2 scrolls of torment
 C - 14 scrolls of fear
 M - 10 scrolls of immolation
 T - 3 scrolls of brand weapon
Potions
 e - 19 potions of curing
 q - 13 potions of enlightenment
 v - 12 potions of mutation
 z - 9 potions of lignification
 G - 2 potions of magic
 H - 5 potions of berserk rage
 I - 3 potions of brilliance
 J - 5 potions of resistance
 L - 4 potions of might
 N - 8 potions of heal wounds
 Q - 11 potions of haste
 S - 5 potions of invisibility
 U - 3 potions of ambrosia
 V - 9 potions of attraction
 Y - 4 potions of cancellation
Miscellaneous
 f - a lightning rod (4/4)
 k - a tin of tremorstones (2/2)
 m - the horn of Geryon
 D - a phantom mirror
 O - a box of beasts


   Skills:
 + Level 25.0 Fighting
 - Level 13.3(14.7) Short Blades
 - Level 11.2(14.3) Long Blades
 - Level 14.4 Polearms
 + Level 22.2 Armour
 + Level 19.6 Dodging
 - Level 7.0 Stealth
 - Level 10.0 Spellcasting
 - Level 4.1 Hexes
 - Level 13.0 Necromancy
 - Level 15.0 Translocations
 - Level 6.1 Fire Magic
 - Level 2.0 Earth Magic
 - Level 7.3 Alchemy
 - Level 16.0 Invocations
 * Level 15.4 Evocations


You had 13 spell levels left.
You knew the following spells:

 Your Spells              Type           Power      Damage    Failure   Level
a - Jinxbite              Hex            26%        N/A       16%         2
b - Lesser Beckoning      Tloc           70%        N/A       1%          2
c - Manifold Assault      Tloc           35%        N/A       1%          4
d - Blink                 Tloc           70%        N/A       1%          2
e - Fugue of the Fallen   Necr           31%        N/A       1%          3
f - Dispel Undead         Necr           31%        3d14      2%          4
g - Sublimation of Blood  Necr           31%        N/A       1%          2
h - Teleport Other        Tloc           35%        N/A       1%          3
i - Passage of Golubria   Tloc           35%        N/A       1%          4
j - Gell's Gravitas       Tloc           35%        N/A       1%          3
k - Ignite Poison         Fire/Alch      18%        N/A       34%         4

Your spell library contained the following spells:

 Spells                   Type           Power      Damage    Failure   Level
 Apportation              Tloc           70%        N/A       1%          1
 Necrotise                Necr           100%       1d9       1%          1
 Volatile Blastmotes      Fire/Tloc      52%        2d14      2%          3
 Kiss of Death            Conj/Necr      72%        2d10      3%          1
 Cigotuvi's Dreadful Rot  Necr/Alch/Air  36%        N/A       5%          2
 Curse of Agony           Necr           31%        N/A       8%          5
 Slow                     Hex            52%        N/A       11%         1
 Dimensional Bullseye     Hex/Tloc       12%        N/A       11%         4
 Anguish                  Hex/Necr       11%        N/A       16%         4
 Dispersal                Tloc           17%        N/A       19%         6
 Inner Flame              Hex/Fire       15%        N/A       21%         3
 Sandblast                Erth           18%        2d7       24%         1
 Iskenderun's Mystic Bla  Conj/Tloc      20%        2d6       26%         4
 Olgreb's Toxic Radiance  Alch           19%        N/A       26%         4
 Vhi's Electric Charge    Tloc/Air       40%        N/A       26%         4
 Confusing Touch          Hex            13%        N/A       30%         3
 Sigil of Binding         Hex            13%        N/A       30%         3
 Tukima's Dance           Hex            13%        N/A       30%         3
 Sticky Flame             Fire/Alch      18%        2d6       34%         4
 Ensorcelled Hibernation  Hex/Ice        18%        N/A       36%         2
 Martyr's Knell           Necr/Summ      18%        N/A       36%         4
 Freeze                   Ice            20%        1d4       50%         1
 Magic Dart               Conj           20%        1d4       50%         1
 Summon Small Mammal      Summ           20%        N/A       50%         1
 Mephitic Cloud           Conj/Alch/Air  9%         N/A       52%         3
 Borgnjor's Vile Clutch   Necr/Erth      10%        N/A       56%         5
 Summon Forest            Summ/Tloc      10%        N/A       56%         5
 Dazzling Flash           Conj/Hex       18%        N/A       58%         3
 Passwall                 Erth           9%         N/A       58%         3
 Alistair's Intoxication  Alch           12%        N/A       58%         5
 Call Imp                 Summ           10%        N/A       63%         2
 Searing Ray              Conj           10%        2d4       63%         2
 Static Discharge         Conj/Air       10%        3-4/arc   63%         2
 Leda's Liquefaction      Alch/Erth      7%         N/A       63%         4
 Petrify                  Alch/Erth      14%        N/A       63%         4
 Cause Fear               Hex            6%         N/A       71%         4
 Stone Arrow              Conj/Erth      14%        3d7       73%         3
 Fulminant Prism          Conj/Alch      6%         3d7       77%         4
 Yara's Violent Unravell  Hex/Alch       8%         3d5       82%         5
 Summon Blazeheart Golem  Fire/Summ      11%        N/A       85%         4
 Call Canine Familiar     Summ           5%         N/A       86%         3
 Frozen Ramparts          Ice            10%        1d2       86%         3
 Hailstorm                Conj/Ice       5%         3d5       86%         3
 Ozocubu's Armour         Ice            5%         N/A       86%         3
 Swiftness                Air            5%         N/A       86%         3
 Brom's Barrelling Bould  Conj/Erth      7%         2d3       98%         4
 Irradiate                Conj/Alch      6%         3d13      98%         5
 Airstrike                Air            2%         2d(1-17)  99%         4
 Summon Lightning Spire   Summ/Air       5%         N/A       99%         4
 Fireball                 Conj/Fire      5%         3d5       99%         5
 Eringya's Noxious Bog    Alch           9%         4d6       99%         6
 Arcjolt                  Conj/Air       2%         1d12      100%        5
 Freezing Cloud           Conj/Ice/Air   2%         6-21      100%        5
 Iskenderun's Battlesphe  Conj           5%         2d6       100%        5
 Metabolic Englaciation   Hex/Ice        4%         N/A       100%        5
 Silence                  Hex/Air        4%         N/A       100%        5
 Summon Mana Viper        Hex/Summ       9%         N/A       100%        5
 Bombard                  Conj/Erth      3%         9d1       100%        6
 Conjure Ball Lightning   Conj/Air       2%         3x3d6     100%        6
 Sculpt Simulacrum        Ice/Alch       6%         N/A       100%        6
 Summon Cactus Giant      Summ           2%         N/A       100%        6
 Enfeeble                 Hex            6%         N/A       100%        7
 Orb of Destruction       Conj           2%         9d5       100%        7
 Ozocubu's Refrigeration  Ice            2%         4d8       100%        7
 Spellforged Servitor     Conj/Summ      2%         N/A       100%        7
 Summon Hydra             Summ           2%         N/A       100%        7
 Discord                  Hex            6%         N/A       100%        8
 Disjunction              Tloc           17%        N/A       100%        8
 Ignition                 Fire           8%         3d5       100%        8
 Infestation              Necr           15%        N/A       100%        8
 Lehudib's Crystal Spear  Conj/Erth      3%         10d3      100%        8
 Maxwell's Capacitive Co  Air            2%         ∞         100%        8
 Dragon's Call            Summ           2%         N/A       100%        9
 Animate Dead             Necr           Unusable   N/A       N/A         4
 Death Channel            Necr           Unusable   N/A       N/A         6

Dungeon Overview and Level Annotations

Branches:
Dungeon (15/15)            Temple (0/1) D:4            Lair (4/5) D:9
 Shoals (4/4) Lair:3        Snake (4/4) Lair:2        Slime (5/5) Lair:4
    Orc (2/2) D:11            Elf (3/3) Orc:2        Vaults (5/5) D:13
  Crypt (3/3) Vaults:3       Tomb (0/3) Crypt:3      Depths (4/4) D:15
   Hell (visited)             Coc (5/7) Hell            Tar (0/7) Hell
    Zot (5/5) Depths:4    Ossuary (visited)          Bailey (visited)
  IceCv (visited)
    Dis: Hell:1         Geh: Hell:1

Altars:
Dithmenos
Elyvilon
Fedhas
Hepliaklqana
Kikubaaqudgha
Nemelex Xobeh
Qazlal
Ru
Sif Muna
Uskayaw
Vehumet
Xom
Yredelemnul
Beogh

Shops:
D:4 =   D:6 *   D:9 :   Orc:2 *([   Elf:1 [   Elf:2 (   Shoals:3 (   Snake:2 [[
Snake:4 (!   Vaults:1 [!!=[   Vaults:4 :   Vaults:5 ??!!   Depths:1 =[=[
Depths:3 [

Portals:
Hell: Depths:1 Depths:2 Depths:3 Depths:4
Abyss: Depths:1 Depths:3 Depths:4
Pandemonium: Depths:1 Depths:2 Depths:3
Ziggurat: Depths:1


Innate Abilities, Weirdness & Mutations

You can wield a second weapon in your off-hand.
It takes a long time for you to wield or remove held weapons.
Your first few attacks do less damage.
You cannot equip rings or amulets.
Your flesh is cold resistant. (rC+)
Your muscles are strong. (Str +4, Int/Dex -1)
You are occasionally teleported next to monsters.


Message History

You impale the Ice Fiend with the +18 lance "Wyrmbane"!!
You kill the Ice Fiend!
With your torch unlit, their soul goes wasted...
A black mist starts to gather...
You are engulfed in freezing vapours.
You resist.
The elemental wellspring is engulfed in blazing flames.
A torrent of water rises up through the elemental wellspring!
The torrent of water hits you!!!
* * * LOW HITPOINT WARNING * * *
Your boots keep you from being knocked back.
The wave splashes down.
You hear a howl!
You hear a screech!
Your Fighting skill increases to level 25!
Blink to where?
Press: ? - help, Dir - move target, p - Ice Fiend
As you read the scroll of blinking, it crumbles to dust.
The wendigo fires a burst of electricity at you.
The stunning burst hits you but does no damage.
You suddenly lose the ability to move!
Your spectral Ice Fiend is engulfed in blazing flames.
Your spectral Ice Fiend claws the Ice Fiend but does no damage.
Your spectral Ice Fiend claws the Ice Fiend.
You can move again.
Okay, then.
Aiming: Charm
Press: ? - help, Shift-Dir - straight line, f - Ice Fiend
Aim: an Ice Fiend (lightly wounded, ally target, infinite will)
Okay, then.
Unknown command.
Okay, then.
Aiming: Bolt of Light
Press: ? - help, Shift-Dir - straight line, f - Ice Fiend
Aim: an Ice Fiend (lightly wounded, ally target, 89% to hit)
The bolt of light hits the Ice Fiend!!
The Ice Fiend is moderately wounded.
The Ice Fiend is blinded.
The wendigo fires a burst of electricity at you.
The stunning burst hits you. You resist.
You die...
Your body rises from the dead as a mindless zombie.

≈. .§###.≈.^ ≈.≈#
#1.R..# #°°## ##☼.#
#.≈≈## ##.1## .
##°°°≈###R.## ..
#§≈°°≈≈≈≈≈## ...
##≈≈§°°°°..# .~.#
#≈≈°≈§°1.~####~E#
#≈≈@°§°°.Z°~~..##
#≈≈§°°°°°#§°∩~≈≈≈#
#≈≈≈≈°°°####≈≈~≈≈##
##≈≈≈≈≈## ##≈~~≈#
##≈≈≈## ###≈~#
##### ###


You could see an Ice Fiend (blind, unable to see you, ally target), a wendigo
and a friendly spectral Ice Fiend.

Vanquished Creatures
  the Royal Jelly (Slime:5)
  2 dread liches (Zot:5)
  3 ancient liches (Zot:5)
  3 orbs of fire
  4 Killer Klowns
  14 shard shrikes
  A curse toe (Zot:2)
  Geryon (Hell)
  Jory (Vaults:4)
  Nikola (Shoals:4)
  A profane servitor (Crypt:3)
  16 golden dragons
  Norris (Vaults:4)
  3 Ice Fiends
  10 tentacled monstrosities
  5 quicksilver dragons
  18 Orb Guardians (Zot:5)
  3 liches
  A deep elf blademaster (Elf:3)
  2 deep elf master archers
  2 titans
  6 sphinxes
  3 walking divine tomes
  2 krakens (Shoals:2)
  18 acid blobs
  6 ancient champions (Crypt:3)
  Polyphemus (Shoals:4)
  11 shadow dragons
  6 storm dragons
  7 death cobs
  8 tengu reavers
  Agnes (Elf:1)
  Donald (Elf:1)
  3 protean progenitors
  8 azure jellies
  Roxanne (Snake:1)
  5 draconian knights
  10 draconian monks
  8 rockslimes
  Aizul (Snake:1)
  2 nagarajas (Snake:4)
  3 narguns
  5 frost giants
  2 revenants
  7 deep elf sorcerers
  8 fire giants
  8 draconian shifters
  4 iron dragons
  14 vault wardens
  8 draconian scorchers
  5 deep elf elementalists
  A curse skull (Crypt:3)
  A ghost moth (Zot:5)
  A balrug (Depths:2)
  A shard shrike simulacrum (Coc:3)
  6 draconian stormcallers
  A juggernaut zombie (Hell)
  19 ironbound preservers
  7 reapers
  4 ghouls
  6 formless jellyfish
  11 quicksilver oozes
  9 draconian annihilators
  6 ironbound thunderhulks
  4 deep elf demonologists
  5 vampire knights
  12 stone giants
  7 deep elf death magi
  A juggernaut skeleton (Crypt:3)
  5 elemental wellsprings
  5 green draconians
  7 very ugly things
  A broodmother (Zot:3)
  16 black draconians
  11 yellow draconians
  11 dire elephants
  12 deep elf annihilators
  6 wendigos
  5 spark wasps
  7 war gargoyles
  10 red draconians
  A lorocyproca (Hell)
  13 white draconians
  3 eidola
  Snorg (D:12)
  An iron golem (Hell)
  15 purple draconians
  A spectral acid blob (Slime:5)
  Azrael (D:13)
  A blizzard demon (Depths:3)
  2 crystal guardians (Vaults:2)
  An acid blob zombie (Slime:5)
  9 ettins
  A quicksilver dragon zombie (Crypt:1)
  An entropy weaver (Vaults:5)
  6 fire dragons
  6 merfolk javelineers
  14 jiangshi
  12 yaktaur captains
  A green death (Depths:3)
  6 merfolk impalers
  Fannar (D:12)
  8 deep elf high priests
  9 ice dragons
  18 vault guards
  2 hydras
  4 great orbs of eyes
  7 caustic shrike simulacra
  4 spriggan air magi
  2 ogre magi (Vaults:5)
  A death knight (Crypt:2)
  5 anacondas
  7 centaur warriors
  2 juggernaut simulacra
  A merfolk aquamancer (Shoals:4)
  2 alligator snapping turtles
  An alligator (Zot:1)
  4 catoblepae
  4 ironbound frosthearts
  A peacekeeper (Vaults:4)
  2 deep troll shamans (Depths:1)
  5 death yaks (Lair:4)
  3 merfolk avatars
  12 dancing weapons
  4 two-headed ogres
  5 boulder beetles
  A satyr (Shoals:3)
  A titan zombie (Crypt:3)
  7 tengu warriors
  A quicksilver ooze zombie (Slime:5)
  An orc high priest (Depths:2)
  7 vampire magi
  2 occultists
  3 hell hogs (Depths:2)
  6 naga warriors
  2 shock serpents
  A demonic crawler (Hell)
  8 spriggan berserkers
  2 soul eaters
  2 sun demons
  7 deep troll earth magi
  7 naga sharpshooters
  9 deep elf knights
  8 skysharks
  Nergalle (D:11)
  2 skysharks (shapeshifter)
  4 skeletal warriors
  23 hell knights
  8 iron trolls
  A shining eye (shapeshifter) (Depths:4)
  51 deep trolls
  A salamander mystic (Snake:4)
  4 sea snakes
  An iron giant zombie (Crypt:2)
  Amaemon (Lair:3)
  A sea snake (shapeshifter) (Vaults:5)
  8 mana vipers
  An obsidian statue (Zot:5)
  3 shadow wraiths (Crypt:3)
  2 large abominations (Elf:1)
  A golden dragon zombie (Hell)
  A deep troll (shapeshifter) (Vaults:5)
  A flayed ghost (Crypt:3)
  2 quicksilver dragon simulacra
  A kraken simulacrum (Hell)
  Pikel (D:7)
  5 arcanists
  A glowing orange brain (Depths:3)
  5 naga ritualists
  An anaconda skeleton (Hell)
  4 bog bodies
  2 golden dragon skeletons
  10 deep elf archers
  9 lindwurms
  An orc knight (Vaults:1)
  22 deep elf pyromancers
  10 ironbound convokers
  A sphinx simulacrum (Depths:3)
  15 phantasmal warriors
  A harpy (Vaults:1)
  10 necromancers
  2 thermic dynamos
  15 deep elf zephyrmancers
  24 ugly things
  A wolf spider (D:15)
  A wolf spider zombie (D:14)
  A glowing shapeshifter (Depths:4)
  11 fauns
  3 orc sorcerers
  3 stone giant zombies
  12 cyclopes
  2 frost giant zombies
  8 shining eyes
  4 manticores
  3 meliai (D:14)
  Maurice (D:8)
  9 salamanders
  21 moths of wrath
  A goliath frog skeleton (Crypt:3)
  21 black mambas
  A kobold blastminer (Orc:2)
  4 rust devils
  3 merfolk sirens
  A cyclops (shapeshifter) (Vaults:2)
  A guardian serpent (Snake:2)
  An alligator skeleton (Hell)
  5 elephants
  Joseph (D:7)
  3 smoke demons
  14 vault sentinels
  3 eyes of devastation (Slime:5)
  A molten gargoyle (Hell)
  A torpor snail (shapeshifter) (Vaults:5)
  12 cane toads
  12 naga magi
  5 ice statues
  A storm dragon simulacrum (Coc:2)
  A gargoyle (D:14)
  2 sea snake zombies (Hell)
  A titan simulacrum (Coc:5)
  6 water nymphs
  A kobold demonologist (D:12)
  32 yaktaurs
  3 rime drakes
  An efreet (D:15)
  8 freezing wraiths
  10 unseen horrors
  A redback zombie (D:14)
  A spectral water nymph (Shoals:2)
  A tormentor (Depths:1)
  2 komodo dragons
  A death yak skeleton (Crypt:2)
  A bunyip simulacrum (Coc:2)
  An anaconda simulacrum (Coc:1)
  3 iron giant simulacra
  A guardian mummy (Vaults:4)
  2 tengu conjurers
  A pale draconian skeleton (Crypt:3)
  24 merfolk
  6 wind drakes
  Prince Ribbit (D:8)
  A tyrant leech (Zot:1)
  3 trolls
  2 spectral merfolk (Shoals:2)
  A polar bear (Lair:4)
  5 hornets
  2 blink frogs (Lair:3)
  A wind drake (shapeshifter) (Vaults:5)
  A glass eye (Depths:4)
  3 snapping turtles
  4 dream sheep (Shoals:3)
  A spriggan zombie (Hell)
  An ettin zombie (Crypt:2)
  A radroach zombie (Crypt:3)
  4 iron dragon simulacra
  55 slime creatures
  2 stone giant simulacra
  10 water elementals
  A jumping spider (shapeshifter) (Vaults:5)
  A meliai zombie (D:14)
  3 spriggans (Depths:2)
  Eustachio (D:5)
  19 yaks
  2 vampires
  6 air elementals
  A slime creature zombie (Crypt:3)
  4 wyverns
  2 wargs
  4 wraiths
  8 hogs
  5 steam dragons
  2 basilisks
  3 fire elementals
  Grum (D:8)
  2 golden eyes (Slime:4)
  A redback (shapeshifter) (Vaults:5)
  A black mamba skeleton (Crypt:1)
  A basilisk (shapeshifter) (D:13)
  6 vampire mosquitoes
  Menkaure (Ossuary)
  6 harpy simulacra
  A naga (shapeshifter) (D:14)
  18 nagas
  A glowing shapeshifter zombie (Hell)
  An acid dragon (D:9)
  7 water moccasins
  14 hell hounds
  13 orc warriors
  2 black bears
  2 ice beasts (D:5)
  A sky beast (D:6)
  4 ogres
  A manticore zombie (Crypt:2)
  4 ettin simulacra (Depths:2)
  4 wolves
  4 lemures (D:7)
  An elephant skeleton (Crypt:2)
  7 kobold brigands
  A phantom (D:5)
  An elf zombie (Elf:1)
  5 bullfrogs
  A vine stalker zombie (Crypt:2)
  2 earth elementals
  A scorpion (D:5)
  A gnoll sergeant (D:10)
  8 wights
  5 killer bees (D:9)
  A polar bear zombie (Crypt:3)
  A snapping turtle simulacrum (Shoals:2)
  An electric eel (Snake:2)
  6 howler monkeys
  3 hounds
  2 jellies
  5 orc priests
  A gnoll bouda (D:7)
  10 orc wizards
  2 sleepcaps
  5 hell rats (Hell)
  A wolf simulacrum (IceCv)
  3 mummies (Ossuary)
  2 adders (D:6)
  8 gnolls
  2 river rats (D:9)
  A white imp (D:8)
  5 ufetubi
  An adder zombie (D:3)
  An iguana zombie (Crypt:1)
  A ribbon worm (D:3)
  41 orcs
  7 ball pythons
  5 endoplasms
  A giant cockroach (D:1)
  6 gnoll zombies (Ossuary)
  10 goblins
  11 hobgoblins
  A jackal (D:2)
  12 kobolds
  A quokka (Depths:4)
  A training dummy (Elf:2)
  2 ball python zombies (D:3)
  6 bats
  An endoplasm zombie (Crypt:2)
  3 frilled lizards
  3 gnoll skeletons (Ossuary)
  4 goblin skeletons (Ossuary)
  2 goblin zombies (Ossuary)
  6 hobgoblin skeletons (Ossuary)
  8 hobgoblin zombies
  5 kobold skeletons (Ossuary)
  3 kobold zombies (Ossuary)
  4 orc zombies (Ossuary)
  3 rats
  7 rat skeletons (Ossuary)
  4 rat zombies
  6 tentacles
1800 creatures vanquished.

Vanquished Creatures (collateral kills)
  2 dread liches
  2 orbs of fire (Zot:5)
  3 ancient liches
  3 Killer Klowns
  3 shard shrikes
  2 curse toes
  4 golden dragons
  2 bone dragons (Depths:4)
  Zenata (Vaults:4)
  2 electric golems (Zot:5)
  7 tentacled monstrosities
  7 Orb Guardians (Zot:5)
  A walking earthen tome (Depths:2)
  A deep elf blademaster (Elf:2)
  5 titans
  5 acid blobs
  4 liches
  3 quicksilver dragons
  5 krakens (Shoals:3)
  A death cob (Zot:5)
  A sphinx (Vaults:5)
  4 ancient champions
  The ghost of Stonecrops the Peltast, an adept FoFi of Okawaru (Shoals:2)
  2 shadow dragons (Zot:2)
  3 storm dragons
  2 revenants
  2 tengu reavers
  An azure jelly (Slime:4)
  6 nagarajas (Snake:4)
  5 rockslimes
  7 fire giants
  A protean progenitor (Zot:1)
  4 draconian monks
  2 narguns
  A deep elf sorcerer (Elf:3)
  2 draconian knights (Zot:4)
  3 draconian shifters
  5 vault wardens
  A draconian scorcher (Zot:1)
  A deep elf elementalist (Elf:3)
  6 frost giants
  A shard shrike simulacrum (Coc:4)
  2 orc warlords
  2 caustic shrike skeletons (Depths:3)
  4 very ugly things
  A draconian stormcaller (Zot:4)
  3 spriggan defenders (Depths:2)
  2 quicksilver oozes
  3 draconian annihilators
  7 stone giants
  3 green draconians
  A broodmother (Zot:3)
  A ghoul (Crypt:2)
  9 ironbound preservers
  6 formless jellyfish
  2 ironbound thunderhulks (Vaults:3)
  2 deep elf death magi (Elf:3)
  5 vampire knights
  2 elemental wellsprings (Coc:3)
  3 white draconians
  4 deep elf annihilators
  5 yellow draconians
  9 purple draconians
  2 spark wasps (Depths:2)
  2 black draconians
  4 war gargoyles
  10 red draconians
  7 dire elephants
  An eidolon (Crypt:3)
  3 blizzard demons
  5 fire dragons
  12 jiangshi
  3 ettins
  5 merfolk javelineers
  A kraken zombie (Hell)
  3 crystal guardians
  4 yaktaur captains
  7 merfolk impalers
  5 deep elf high priests
  4 spriggan zombies
  6 great orbs of eyes
  A salamander tyrant (Snake:2)
  4 centaur warriors (Vaults:1)
  3 ice dragons
  2 peacekeepers (Vaults:2)
  A spriggan air mage (Depths:2)
  16 vault guards
  Erica (Lair:2)
  An anaconda (Snake:2)
  An alligator (Zot:1)
  A caustic shrike simulacrum (Coc:2)
  2 ironbound frosthearts
  A fenstrider witch skeleton (Crypt:1)
  A hydra (Lair:3)
  7 merfolk aquamancers
  A boulder beetle (Vaults:3)
  3 death yaks
  7 dancing weapons
  2 satyrs
  7 tengu warriors
  3 deep troll earth magi
  A deep troll shaman (Depths:1)
  A titan zombie (Hell)
  A hell hog (Depths:2)
  7 spriggan berserkers
  4 shock serpents
  10 naga sharpshooters
  3 occultists
  8 naga warriors
  4 sun demons
  4 vampire magi
  5 iron trolls
  7 hell knights
  3 soul eaters
  6 deep elf knights
  3 shadow wraiths (Depths:2)
  5 salamander mystics
  4 sea snakes
  4 skysharks
  12 skeletal warriors
  A quicksilver dragon simulacrum (Depths:2)
  7 deep elf archers
  A glowing orange brain (shapeshifter) (Vaults:2)
  31 deep trolls
  A spriggan rider (Depths:2)
  A mana viper (shapeshifter) (Depths:4)
  3 mana vipers
  A thermic dynamo (Elf:3)
  2 flayed ghosts
  4 naga ritualists
  A bog body (Crypt:2)
  A wolf spider zombie (D:14)
  5 harpies
  5 ironbound convokers
  5 deep elf zephyrmancers
  4 phantasmal warriors
  3 necromancers
  2 large abominations (Elf:1)
  5 lindwurms
  8 orc knights
  A shining eye (Slime:2)
  15 ugly things
  7 deep elf pyromancers
  2 orc sorcerers (Depths:2)
  5 manticores
  A stone giant zombie (Hell)
  5 cyclopes
  8 fauns
  18 salamanders
  A centaur zombie (D:14)
  3 moths of wrath (Zot:3)
  2 fire giant zombies (Hell)
  A guardian serpent (Snake:3)
  A kobold blastminer (Orc:1)
  An elephant (Lair:2)
  7 naga magi
  2 titan simulacra (Coc:3)
  14 black mambas
  5 water nymphs
  An eye of devastation (Slime:1)
  5 rust devils (Hell)
  8 vault sentinels
  2 merfolk sirens
  An orange demon (Lair:3)
  A smoke demon (Hell)
  A torpor snail (shapeshifter) (Depths:2)
  A rime drake (Lair:2)
  Maggie (D:8)
  4 cane toads
  An anaconda simulacrum (Coc:3)
  A komodo dragon (Lair:2)
  2 spectral merfolk (Shoals:2)
  A bunyip simulacrum (Coc:1)
  4 freezing wraiths
  3 tengu conjurers (Depths:2)
  2 tormentors
  A spectral water nymph (Shoals:2)
  16 yaktaurs
  Psyche (D:11)
  An ice devil (Depths:2)
  34 merfolk
  A hydra zombie (Hell)
  A tyrant leech (Zot:1)
  3 hornets
  A wind drake (Shoals:4)
  3 sea snake skeletons
  A tengu simulacrum (Depths:3)
  6 blink frogs
  A death drake skeleton (Crypt:2)
  3 snapping turtles
  A snapping turtle (shapeshifter) (Vaults:2)
  3 dream sheep (Shoals:3)
  A stone giant simulacrum (Coc:4)
  An ettin zombie (Hell)
  A glass eye (Slime:3)
  50 slime creatures
  2 air elementals
  A black mamba zombie (Snake:4)
  4 vampires
  3 spriggans
  5 wraiths
  A wyvern (Lair:2)
  4 hogs
  A fire elemental (D:13)
  7 water elementals
  3 basilisks (Lair:3)
  7 yaks
  2 vampire mosquitoes
  A sea snake simulacrum (Shoals:2)
  A death yak simulacrum (IceCv)
  A steam dragon (D:9)
  A tengu zombie (Depths:2)
  3 harpy simulacra
  A water nymph zombie (Crypt:2)
  A hydra simulacrum (IceCv)
  17 nagas
  4 hell hounds
  3 water moccasins
  6 black bears
  A swamp drake (D:11)
  3 orc warriors
  A hornet zombie (Vaults:5)
  4 ogres
  2 wolves
  2 centaurs
  2 ettin simulacra (Depths:2)
  6 bullfrogs
  2 kobold brigands
  An elf zombie (Elf:1)
  A water nymph simulacrum (Shoals:2)
  An earth elemental (Elf:1)
  A merfolk simulacrum (Shoals:2)
  2 wights
  A human zombie (D:11)
  A swamp dragon simulacrum (Coc:1)
  A killer bee (D:9)
  A howler monkey (D:10)
  2 lava snakes (Snake:3)
  A hound (D:6)
  2 orc priests
  A gnoll bouda (D:5)
  3 orc wizards
  2 spriggan simulacra
  A crocodile skeleton (Crypt:3)
  5 gnolls
  A river rat (D:9)
  A naga simulacrum (D:11)
  An ufetubus (D:6)
  14 orcs
  3 goblins (D:9)
  A jackal (D:2)
  2 training dummies (Elf:2)
  A frilled lizard skeleton (Crypt:3)
  A hobgoblin zombie (D:6)
  2 kobolds
  An aspiring flesh (Zot:1)
  A spectral weapon (Snake:3)
  7 tentacles (Shoals:3)
965 creatures vanquished.

Vanquished Creatures (others)
  A spectral draconian (Zot:5)
  A golden dragon (Zot:2)
  5 shard shrike zombies
  A quicksilver dragon (Depths:2)
  A death cob (Zot:5)
  A fire giant (Vaults:5)
  3 spectral tentacled monstrosities
  A shard shrike simulacrum (Coc:2)
  A Killer Klown zombie (Zot:5)
  A rockslime zombie (Slime:5)
  A white draconian (Zot:2)
  A red draconian (Zot:2)
  An acid blob zombie (Slime:2)
  4 very ugly thing zombies
  3 quicksilver dragon zombies
  A spectral human (D:15)
  A spectral Ice Fiend (Coc:4)
  3 kraken zombies
  3 caustic shrike simulacra (Coc:4)
  2 juggernaut simulacra
  3 sphinx zombies
  11 Orb Guardian zombies (Zot:5)
  An azure jelly zombie (Slime:4)
  A spectral protean progenitor (Zot:3)
  A death yak (Shoals:4)
  2 titan zombies (Vaults:5)
  A vampire mage (Vaults:3)
  A quicksilver ooze zombie (Slime:1)
  spectral Geryon (Hell)
  2 spectral wendigos
  2 deep elf knights (Elf:2)
  2 storm dragon zombies
  3 spectral reapers
  A quicksilver dragon simulacrum (Coc:3)
  3 anaconda zombies
  An ogre zombie (Vaults:2)
  A bog body (Crypt:2)
  4 golden dragon zombies
  2 spark wasp zombies (Depths:1)
  2 spriggan simulacra
  31 elf zombies
  A shadow dragon zombie (Zot:1)
  A wolf spider zombie (D:15)
  3 stone giant zombies
  11 ugly thing zombies
  14 draconian zombies
  A hell hog zombie (Depths:2)
  6 frost giant zombies
  A salamander (Snake:4)
  5 fire giant zombies
  5 dire elephant zombies
  A formless jellyfish zombie (Vaults:4)
  A spectral slime creature (Slime:5)
  3 spectral soul eaters
  4 white draconian zombies
  An unseen horror zombie (D:10)
  4 mana viper zombies
  4 yellow draconian zombies
  2 spectral sun demons (Depths:2)
  A death yak zombie (Shoals:4)
  6 red draconian zombies
  7 black draconian zombies
  5 purple draconian zombies
  A sea snake zombie (Shoals:4)
  A green draconian zombie (Zot:2)
  A merfolk (Shoals:3)
  A harpy zombie (Shoals:4)
  6 moth of wrath zombies
  A jumping spider zombie (Vaults:5)
  5 ice dragon zombies
  2 fire dragon zombies
  An ettin zombie (Vaults:5)
  A satyr zombie (Shoals:4)
  A meliai zombie (D:14)
  10 black mamba zombies
  A centaur simulacrum (Coc:2)
  9 spriggan zombies
  2 wind drake zombies
  3 spectral rust devils (Hell)
  5 slime creature zombies
  A fire elemental (D:13)
  A spectral orange demon (Lair:3)
  A spectral tormentor (Coc:2)
  A naga (Snake:1)
  2 two-headed ogre zombies
  A faun zombie (Shoals:2)
  A harpy simulacrum (Coc:3)
  2 skyshark zombies
  6 tengu zombies
  21 deep troll zombies
  11 merfolk zombies
  A hydra simulacrum (Coc:3)
  2 cane toad zombies
  An entropy weaver zombie (Vaults:5)
  4 manticore zombies
  A hornet zombie (Depths:4)
  An elephant zombie (Lair:2)
  2 lindwurm zombies
  A blink frog zombie (Lair:4)
  3 dream sheep zombies (Shoals:3)
  5 hog zombies
  A torpor snail zombie (Vaults:5)
  19 yaktaur zombies
  A wyvern zombie (Lair:3)
  8 salamander zombies
  A water moccasin zombie (Lair:4)
  A cyclops zombie (D:12)
  6 hell hound zombies
  3 troll zombies
  5 yak zombies
  A wolf zombie (D:8)
  4 bullfrog zombies
  4 centaur zombies
  A basilisk zombie (D:13)
  6 kobold zombies
  A hell rat (Hell)
  A killer bee zombie (D:9)
  25 naga zombies
  A vine stalker zombie (D:8)
  42 human zombies
  2 howler monkey zombies (D:8)
  A hell rat zombie (Hell)
  A steam dragon zombie (D:8)
  A spectral white imp (D:8)
  A bat zombie (D:1)
  6 gnoll zombies
  A river rat zombie (D:9)
  A frilled lizard zombie (Depths:4)
  A kobold (Bailey)
  13 orc zombies
  A quokka zombie (Depths:4)
  2 spectral ufetubi
  8 spectral weapons
  70 tentacles
559 creatures vanquished.

Grand Total: 3324 creatures vanquished

Notes
Turn   | Place    | Note
-------+----------+-------------------------------------------
     0 | D:5      | Fastnbulbous the Coglin Delver began the quest for the Orb.
     0 | D:5      | Reached XP level 1. HP: 18/18 MP: 1/1
     9 | D:5      | Noticed a hound
    19 | D:5      | Killed a hound
    20 | D:5      | Reached XP level 2. HP: 19/24 MP: 2/2
    20 | D:5      | Reached XP level 3. HP: 23/29 MP: 3/3
    48 | D:5      | Reached XP level 4. HP: 21/35 MP: 4/4
   142 | D:5      | Noticed an ogre
   164 | D:5      | Killed an ogre
   165 | D:5      | Reached XP level 5. HP: 14/41 MP: 5/5
   201 | D:5      | Reached skill level 5 in Long Blades
   319 | D:5      | Noticed an ice beast
   333 | D:5      | Killed an ice beast
   334 | D:5      | Reached XP level 6. HP: 21/47 MP: 6/6
   445 | D:5      | Noticed an ice beast
   493 | D:5      | Noticed a water moccasin
   506 | D:5      | Killed a water moccasin
   514 | D:5      | Killed an ice beast
   515 | D:5      | Reached XP level 7. HP: 26/52 MP: 7/7
   790 | D:4      | Identified the +0 rapier of Peace {pain, rElec}
  1324 | D:3      | Found a basalt altar of Yredelemnul.
  1382 | D:3      | Became a worshipper of Yredelemnul the Fallen
  3273 | D:4      | Reached skill level 1 in Short Blades
  3583 | D:4      | Found Yjizas's Jewellery Emporium.
  3613 | D:4      | Found a staircase to the Ecumenical Temple.
  3672 | D:4      | Found a sacrificial altar of Ru.
  3733 | D:5      | Reached XP level 8. HP: 51/58 MP: 8/8
  4035 | D:5      | Reached * piety under Yredelemnul
  4230 | D:5      | Noticed Eustachio
  4235 | D:5      | Killed Eustachio
  4584 | D:6      | Found Atolymez's Serpentskin Sales.
  4599 | D:6      | Bought a scroll of poison for 44 gold pieces
  4652 | D:6      | Found a sand-covered staircase.
  4673 | Ossuary  | Entered an ossuary
  4965 | Ossuary  | Noticed Menkaure
  4982 | Ossuary  | Killed Menkaure
  4983 | Ossuary  | Reached XP level 9. HP: 26/64 MP: 9/9
  6728 | D:7      | Noticed Pikel
  6753 | D:7      | Killed Pikel
  6932 | D:7      | Found a hide-covered altar of Uskayaw.
  6933 | D:7      | Found a white marble altar of Elyvilon.
  7072 | D:7      | Your ally Pikel died
  7254 | D:7      | Noticed Joseph
  7282 | D:7      | Killed Joseph
  7598 | D:8      | Reached XP level 10. HP: 70/70 MP: 10/10
  7659 | D:8      | Noticed Maggie
  7664 | D:8      | Killed Maggie
  7680 | D:8      | Learned a level 2 spell: Jinxbite
  7691 | D:8      | Noticed Prince Ribbit
  7695 | D:8      | Killed Prince Ribbit
  7695 | D:8      | Reached ** piety under Yredelemnul
  7722 | D:8      | Noticed Grum
  7740 | D:8      | Your ally Maggie died
  7749 | D:8      | Killed Grum
  7822 | D:8      | Noticed Maurice
  7829 | D:8      | Killed Maurice
  8031 | D:8      | Reached skill level 10 in Short Blades
  8417 | D:8      | Your ally Maurice died
  8634 | D:9      | Reached skill level 1 in Armour
  8676 | D:9      | Found a staircase to the Lair.
  8678 | D:9      | Noticed a cane toad
  8678 | D:9      | Found the +10 zealot's sword {holy, Zealotry, *Rage rN+
                  | EV+3}
  8687 | D:9      | Reached skill level 4 in Fighting
  8698 | D:9      | Killed a cane toad
  8700 | D:9      | Reached XP level 11. HP: 56/78 MP: 11/11
  8708 | D:9      | Reached skill level 5 in Fighting
  8819 | D:9      | Reached *** piety under Yredelemnul
  8878 | D:9      | Found a flagged portal.
  8946 | Bailey   | Entered a bailey
  9036 | Bailey   | Reached skill level 6 in Fighting
  9110 | Bailey   | Found a burning altar of Makhleb.
  9275 | D:9      | Found a blossoming altar of Fedhas.
  9501 | D:9      | Reached skill level 5 in Armour
  9778 | D:9      | Found Diecud's Self-Improvement Boutique.
  9788 | D:9      | Bought a manual of Armour for 1120 gold pieces
  9990 | D:10     | Entered Level 10 of the Dungeon
  9990 | D:10     | Found a shimmering altar of Xom.
  9990 | D:10     | Found a shimmering altar of Xom.
  9990 | D:10     | Found a shimmering altar of Xom.
 10149 | D:10     | Noticed a two-headed ogre
 10251 | D:10     | Killed a two-headed ogre
 10421 | D:10     | Found a shimmering altar of Xom.
 10421 | D:10     | Found a shimmering altar of Xom.
 10702 | D:11     | Reached skill level 1 in Earth Magic
 10770 | D:11     | Noticed a cyclops
 10777 | D:11     | Killed a cyclops
 10886 | D:11     | Reached skill level 10 in Armour
 10886 | D:11     | Reached XP level 12. HP: 89/89 MP: 12/12
 10924 | D:11     | Found a frozen archway.
 10931 | D:11     | Noticed a boulder beetle
 10945 | D:11     | Killed a boulder beetle
 10959 | IceCv    | Entered an ice cave
 11160 | IceCv    | Found a transporter.
 11173 | IceCv    | Found a transporter.
 11508 | D:11     | Noticed Psyche
 11512 | D:11     | Killed Psyche
 11517 | D:11     | Your ally Psyche died
 11528 | D:11     | Noticed Nergalle
 11539 | D:11     | Killed Nergalle
 11539 | D:11     | Reached **** piety under Yredelemnul
 11540 | D:11     | Reached skill level 1 in Invocations
 11746 | D:11     | Found a staircase to the Orcish Mines.
 12108 | D:12     | Noticed a two-headed ogre
 12116 | D:12     | Killed a two-headed ogre
 12139 | D:12     | Noticed Fannar
 12153 | D:12     | Killed Fannar
 12355 | D:12     | Noticed a two-headed ogre
 12473 | D:12     | Noticed Snorg
 12491 | D:12     | Killed Snorg
 12492 | D:12     | Reached skill level 5 in Invocations
 12716 | D:12     | Noticed Kirke
 12750 | D:12     | Noticed a sphinx
 12807 | D:12     | Noticed a sphinx
 12812 | D:12     | Paralysed by a sphinx for 3 turns
 12822 | D:12     | Killed Kirke
 12822 | D:12     | Bound Kirke
 13080 | D:12     | Your ally Snorg died
 13087 | D:12     | Killed a two-headed ogre
 13088 | D:12     | Reached XP level 13. HP: 84/95 MP: 17/17
 13375 | Lair:1   | Entered Level 1 of the Lair of Beasts
 13423 | Lair:1   | Reached skill level 7 in Fighting
 14176 | Lair:2   | Noticed Erica
 14186 | Lair:2   | Killed Erica
 14372 | Lair:2   | Reached skill level 5 in Dodging
 14527 | Lair:2   | Found a staircase to the Snake Pit.
 14687 | Lair:2   | Reached skill level 8 in Fighting
 15246 | Lair:3   | Noticed Amaemon
 15246 | Lair:3   | Found a staircase to the Shoals.
 15270 | Lair:3   | Killed Amaemon
 15317 | Lair:3   | Identified the +5 sling of the Hurling Pariah {flame, rPois
                  | Dex+3}
 15343 | Lair:3   | Reached ***** piety under Yredelemnul
 16108 | Lair:3   | Reached XP level 14. HP: 104/106 MP: 18/18
 16120 | Lair:3   | Acquired a geotransmogrifier Ver.9 {rElec rPois rCorr Clar
                  | RMsl}
 16234 | Lair:4   | Found a staircase to the Slime Pits.
 16423 | Lair:4   | Reached skill level 9 in Fighting
 17202 | Lair:4   | Reached skill level 5 in Evocations
 17843 | Lair:3   | Upgraded the game from 0.32-a0-572-g3e1049bc92 to
                  | 0.32-a0-585-gef4fe23122
 18014 | D:13     | Got the Precepts of Transmogrification
 18408 | D:13     | Noticed Azrael
 18431 | D:13     | Killed Azrael
 18693 | D:13     | Reached skill level 10 in Fighting
 18970 | D:13     | Found a gate to the Vaults.
 18970 | D:13     | Noticed a tengu reaver
 18991 | D:13     | Killed a tengu reaver
 19367 | Snake:1  | Entered Level 1 of the Snake Pit
 19408 | Snake:1  | Noticed Louise
 19594 | Orc:1    | Entered Level 1 of the Orcish Mines
 19907 | Orc:2    | Entered Level 2 of the Orcish Mines
 19918 | Orc:2    | Found Leuhimet's General Store.
 20147 | Orc:2    | Found a staircase to the Elven Halls.
 20226 | Orc:2    | Found Egudd's Antique Weapon Boutique.
 20228 | Orc:2    | Found Peskexuo's Antique Armour Shop.
 20338 | Orc:2    | Noticed a stone giant
 20357 | Orc:2    | Killed a stone giant
 20358 | Orc:2    | Reached XP level 15. HP: 105/116 MP: 20/20
 20426 | Orc:2    | Bought a scroll of identify for 36 gold pieces
 20426 | Orc:2    | Bought a scroll of identify for 36 gold pieces
 20516 | Orc:2    | Found Imen's Jewellery Emporium.
 20837 | Orc:2    | Found a roughly hewn altar of Beogh.
 21163 | Orc:2    | Bought a potion of haste for 180 gold pieces
 21587 | D:14     | Reached skill level 5 in Stealth
 22316 | D:15     | Entered Level 15 of the Dungeon
 22341 | D:15     | Reached skill level 1 in Hexes
 22977 | D:15     | Paralysed by an orc sorcerer for 3 turns
 23000 | D:15     | Reached ****** piety under Yredelemnul
 23120 | D:15     | Found a staircase to the Depths.
 23310 | D:15     | Reached skill level 11 in Fighting
 23446 | D:15     | Your ally Kirke died
 24838 | Snake:1  | Killed Louise
 24838 | Snake:1  | Bound Louise
 24916 | Snake:1  | Reached XP level 16. HP: 116/125 MP: 19/22
 24987 | Snake:1  | Identified the +0 cloak of the Old World {rPois Stlth+}
 25012 | Snake:1  | Noticed Roxanne
 25024 | Snake:1  | Killed Roxanne
 25200 | Snake:1  | Identified the serpent talisman of the Three Continents
                  | {Fly Str-5 Int+7}
 25200 | Snake:1  | Noticed Aizul
 25214 | Snake:1  | Killed Aizul
 25718 | Snake:2  | Learned a level 2 spell: Lesser Beckoning
 26591 | Snake:2  | Identified a scroll of acquirement
 26616 | Snake:2  | HP: 6/126 [salamander tyrant/flame surge (37)]
 26984 | Snake:2  | Found Ixuep's Antique Armour Boutique.
 26985 | Snake:2  | Found Searim's Antique Armour Shoppe.
 27174 | Snake:2  | Reached skill level 10 in Invocations
 27375 | Snake:2  | Acquired 571 gold pieces
 27444 | Snake:2  | Bought a runed helmet for 195 gold pieces
 27444 | Snake:2  | Bought a glowing cloak for 195 gold pieces
 27594 | Snake:2  | Bought an ancient scale mail for 234 gold pieces
 27594 | Snake:2  | Identified the +1 scale mail "Jairus" {Dex+3 SInv} (You
                  | bought it in a shop on level 2 of the Snake Pit)
 28056 | D:12     | Identified the +9 hand axe of Frustration {freeze, +Blink
                  | rCorr}
 28505 | D:15     | Reached skill level 12 in Fighting
 28505 | D:15     | Reached skill level 10 in Long Blades
 28694 | Shoals:1 | Entered Level 1 of the Shoals
 29054 | Shoals:1 | Reached skill level 10 in Dodging
 29892 | Snake:3  | Noticed Asterion
 29902 | Snake:2  | Reached XP level 17. HP: 97/133 MP: 21/24
 30104 | Snake:3  | Killed Asterion
 30104 | Snake:3  | Bound Asterion
 31107 | Snake:4  | Entered Level 4 of the Snake Pit
 31213 | Snake:4  | Reached skill level 13 in Fighting
 31257 | Snake:4  | Reached skill level 10 in Evocations
 31568 | Snake:4  | Found Rudemegh's Distillery.
 31573 | Snake:4  | Found Cyra's Weapon Boutique.
 31576 | Snake:4  | Bought a potion of heal wounds for 80 gold pieces
 31576 | Snake:4  | Bought a potion of invisibility for 128 gold pieces
 31576 | Snake:4  | Bought a potion of heal wounds for 80 gold pieces
 31580 | Snake:4  | Bought the +8 lance "Wyrmbane" {slay drac, rPois rF+ rC+
                  | AC+3} for 888 gold pieces
 31580 | Snake:4  | Found the +8 lance "Wyrmbane" {slay drac, rPois rF+ rC+
                  | AC+3}
 31648 | Snake:4  | Reached skill level 1 in Polearms
 32019 | Snake:4  | Reached skill level 5 in Polearms
 32427 | Snake:4  | Reached XP level 18. HP: 88/143 MP: 26/26
 32797 | Snake:4  | Got a serpentine rune of Zot
 33184 | Vaults:1 | Entered Level 1 of the Vaults
 33184 | Vaults:1 | Found Vaoribe's Jewellery Shop.
 33784 | Vaults:1 | Found Lerevonk's Armour Shop.
 34007 | Vaults:1 | Found Zyguffi's Distillery.
 34022 | Vaults:1 | Bought a potion of curing for 60 gold pieces
 34022 | Vaults:1 | Bought a potion of heal wounds for 100 gold pieces
 34022 | Vaults:1 | Bought a potion of heal wounds for 100 gold pieces
 34022 | Vaults:1 | Bought a potion of haste for 200 gold pieces
 34276 | Vaults:1 | Reached skill level 10 in Polearms
 34613 | Vaults:1 | Found Xopsekuo's Armour Emporium.
 35163 | Vaults:1 | Found Amusk's Distillery.
 35167 | Vaults:1 | Bought 2 potions of haste for 380 gold pieces
 35167 | Vaults:1 | Bought a potion of heal wounds for 95 gold pieces
 35167 | Vaults:1 | Bought a potion of might for 76 gold pieces
 35167 | Vaults:1 | Bought a potion of might for 76 gold pieces
 35167 | Vaults:1 | Bought a potion of curing for 57 gold pieces
 35830 | Vaults:2 | Reached XP level 19. HP: 123/149 MP: 27/27
 36125 | Vaults:2 | Reached skill level 14 in Fighting
 37279 | Vaults:2 | Reached skill level 15 in Fighting
 38707 | Vaults:2 | Noticed a golden dragon
 38711 | Vaults:2 | Noticed a golden dragon
 38717 | Vaults:2 | Killed a golden dragon
 38720 | Vaults:2 | Killed a golden dragon
 39336 | Vaults:3 | Reached XP level 20. HP: 151/163 MP: 29/29
 40065 | Vaults:3 | Reached skill level 16 in Fighting
 40566 | Vaults:3 | Got the Compendium of Orientation
 40850 | Vaults:3 | Found a staircase to the Crypt.
 41415 | Vaults:3 | Upgraded the game from 0.32-a0-585-gef4fe23122 to
                  | 0.32-a0-599-gba8f9cf90e
 41471 | Crypt:1  | Entered Level 1 of the Crypt
 42096 | Crypt:1  | Identified the +0 ring mail "Moviwuro" {rC+ Stlth+}
 43295 | Crypt:2  | Reached XP level 21. HP: 36/173 MP: 28/31
 43898 | Crypt:2  | Reached skill level 17 in Fighting
 44357 | D:9      | Bought a manual of Translocations for 1120 gold pieces
 44362 | D:9      | Learned a level 4 spell: Manifold Assault
 44479 | Elf:1    | Entered Level 1 of the Elven Halls
 44488 | Elf:1    | Reached skill level 1 in Translocations
 44656 | Elf:1    | Reached skill level 15 in Armour
 44718 | Elf:1    | Got the Writings on the Catacomb
 44763 | Elf:1    | Paralysed by an air elemental for 1 turns
 44864 | Elf:1    | Noticed Donald
 44872 | Elf:1    | Killed Donald
 45083 | Elf:1    | Found Esage's Antique Armour Shop.
 45404 | Elf:1    | Reached skill level 5 in Translocations
 45438 | Elf:1    | Noticed Agnes
 45445 | Elf:1    | Killed Agnes
 45519 | Elf:1    | Found a shimmering blue altar of Sif Muna.
 46137 | Elf:2    | Found Axze's Antique Weapon Shoppe.
 46267 | Elf:2    | Found a huge runed translucent gate.
 46267 | Elf:2    | Found a huge runed translucent gate.
 46267 | Elf:2    | Found a huge runed translucent gate.
 46267 | Elf:2    | Found a huge runed translucent gate.
 46267 | Elf:2    | Found a huge runed translucent gate.
 46440 | Elf:2    | Identified the +4 shortbow of the Shoals {drain, rElec rN+}
 48032 | Shoals:2 | Reached skill level 10 in Translocations
 48286 | Shoals:2 | Identified the staff of Wu Jian's Regard {*Slow rN+ rCorr
                  | Dex+5 Necro}
 48765 | Shoals:2 | Found a runed translucent gate.
 48765 | Shoals:2 | Found a runed translucent gate.
 48765 | Shoals:2 | Found a runed translucent gate.
 48851 | Shoals:2 | Noticed Stonecrops's ghost (adept FoFi)
 49065 | Shoals:2 | Killed Stonecrops's ghost
 49274 | Shoals:3 | Found Socwizuh's Weapon Boutique.
 49475 | Shoals:3 | Reached XP level 22. HP: 183/183 MP: 32/32
 49698 | Shoals:3 | Reached skill level 18 in Fighting
 50643 | Shoals:4 | Entered Level 4 of the Shoals
 50866 | Shoals:4 | Identified the +9 glaive "Kalautwy" {heavy, rPois Str-5
                  | Int+5}
 50875 | Shoals:4 | Noticed Nikola
 50876 | Shoals:4 | Noticed Polyphemus
 50950 | Shoals:4 | Killed Nikola
 50981 | Shoals:4 | Learned a level 2 spell: Blink
 51290 | Shoals:4 | Identified the staff of Fiwicw {Will+ Str+2 Earth}
 51332 | Shoals:4 | Killed Polyphemus
 51403 | Shoals:4 | Identified the staff of Kikubaaqudgha's Whim {rN+ Str+4
                  | Stlth+ Earth}
 51406 | Shoals:4 | Got a barnacled rune of Zot
 51977 | Shoals:4 | Found a stormy altar of Qazlal.
 52517 | Depths:1 | Entered Level 1 of the Depths
 52533 | Depths:1 | Found a radiant altar of Vehumet.
 52820 | Depths:1 | Found Soras's Antique Armour Boutique.
 52821 | Depths:1 | Found Fimydom's Jewellery Boutique.
 52821 | Depths:1 | Found Piedgheff's Armour Shop.
 52833 | Depths:1 | Found Udecw's Jewellery Shop.
 53186 | Depths:1 | Found a one-way gateway to a ziggurat.
 53194 | Depths:1 | Reached skill level 15 in Translocations
 53212 | Depths:1 | Reached skill level 1 in Spellcasting
 53376 | Depths:1 | Found a hazy altar of Hepliaklqana.
 53719 | Depths:1 | Reached XP level 23. HP: 167/192 MP: 33/33
 53796 | Depths:1 | Found a gateway to Hell.
 53882 | Depths:1 | Found a one-way gate leading to the halls of Pandemonium.
 54013 | Depths:1 | Found a one-way gate to the infinite horrors of the Abyss.
 54493 | Depths:2 | Found a hazy altar of Hepliaklqana.
 54570 | Depths:2 | Noticed a golden dragon
 54579 | Depths:2 | Reached skill level 19 in Fighting
 54611 | Depths:2 | Found a sparkling altar of Nemelex Xobeh.
 54645 | Depths:2 | Reached skill level 5 in Spellcasting
 54664 | Depths:2 | Killed a golden dragon
 55085 | Depths:2 | Learned a level 3 spell: Fugue of the Fallen
 55168 | Depths:2 | Reached skill level 1 in Necromancy
 55185 | Depths:2 | Found a white marble altar of Elyvilon.
 55487 | Depths:2 | Found a shadowy altar of Dithmenos.
 55523 | Depths:2 | Noticed Saint Roka
 55532 | Depths:2 | Killed Saint Roka
 55532 | Depths:2 | Bound Saint Roka
 55670 | Depths:2 | Noticed a golden dragon
 55681 | Depths:2 | Killed a golden dragon
 55693 | Depths:2 | Reached skill level 5 in Necromancy
 56578 | Depths:3 | Found Giageonn's Armour Emporium.
 56693 | Depths:3 | Noticed a golden dragon
 56702 | Depths:3 | Killed a golden dragon
 56704 | Depths:3 | Noticed a golden dragon
 56710 | Depths:3 | Killed a golden dragon
 56721 | Depths:3 | Reached XP level 24. HP: 188/202 MP: 4/33
 56768 | Depths:3 | Identified the scarf of Dunoixi {rC+ rF+, Rampage}
 56867 | Depths:3 | Identified the +4 war axe of Causality {venom, rC- Will+
                  | Str+7 Dex+2}
 57061 | Depths:3 | Noticed Sojobo
 57320 | Depths:3 | Killed Sojobo
 57320 | Depths:3 | Bound Sojobo
 58104 | Depths:4 | Entered Level 4 of the Depths
 58157 | Depths:4 | Reached skill level 20 in Fighting
 58522 | Depths:4 | Found a sacrificial altar of Ru.
 59021 | Depths:4 | Found a gate to the Realm of Zot.
 59222 | Depths:4 | Upgraded the game from 0.32-a0-599-gba8f9cf90e to
                  | 0.32-a0-607-g64ea0e4219
 59690 | Crypt:3  | Entered Level 3 of the Crypt
 59990 | Crypt:3  | Learned a level 4 spell: Dispel Undead
 60118 | Crypt:3  | Found a staircase to the Tomb.
 60137 | Crypt:3  | Reached skill level 10 in Necromancy
 60461 | Crypt:3  | Reached XP level 25. HP: 159/213 MP: 10/33
 60799 | Crypt:3  | Found a basalt altar of Yredelemnul.
 60805 | Crypt:3  | Found an ancient bone altar of Kikubaaqudgha.
 60842 | Crypt:3  | Identified the +0 scale mail of the Dwarven Hall {rC+}
 60853 | Crypt:3  | Identified the ring "Vakel" {rN++ Will+}
 60853 | Crypt:3  | Identified the ring "Ziluock" {rPois rN++ AC+4 Int+4 Dex-5}
 60897 | Crypt:3  | Identified the ring "Wyac" {rF+ Str+3 SInv Stlth+}
 60899 | Crypt:3  | Identified the +4 orcbow of Excruciating Pain {speed, rElec
                  | rF+ rCorr MP-9}
 61033 | Crypt:3  | Identified the staff of Saltpetre {rC+ Dex+3 Stlth- Earth}
 61572 | Elf:3    | Entered Level 3 of the Elven Halls
 62356 | Elf:3    | Reached skill level 21 in Fighting
 62781 | Elf:3    | Identified the amulet of the Squeaky God {Rampage rC-
                  | Regen+ Slay+5}
 62896 | Elf:3    | Identified the ring "Sezej" {rF+ rN+ Will- MP+9 Str+4}
 63028 | Elf:3    | Found the +0 cloak of the Thief {Quiet Slay-3 SInv Stlth+}
 63069 | Elf:3    | Identified the +1 plate armour of the Harp {rF- rC- rCorr
                  | Int+8}
 63071 | Elf:3    | Got the Atlas of Actinic Topography
 63132 | Elf:3    | Identified the ring of the Komtur {rF+ AC+4 Dex-5 SInv}
 63158 | Elf:3    | Identified the +1 falchion "Worm" {venom, rElec rPois rN+}
 63170 | Elf:3    | Identified the +0 whip of Defence by Offence {flame, rC+++
                  | Int+3 Dex-4 Stlth+}
 63174 | Elf:3    | Identified the ring of Lady Luck {rC+ MP+9 AC+4}
 63587 | Vaults:4 | Noticed Jory
 63604 | Vaults:4 | Killed Jory
 63759 | Vaults:4 | Learned a level 2 spell: Sublimation of Blood
 63763 | Vaults:4 | Learned a level 3 spell: Teleport Other
 63768 | Vaults:4 | Learned a level 4 spell: Passage of Golubria
 63772 | Vaults:4 | Learned a level 3 spell: Gell's Gravitas
 64253 | Vaults:4 | Reached skill level 15 in Dodging
 64488 | Vaults:4 | Found a portal to a secret trove of treasure.
 65110 | Vaults:4 | Noticed Norris
 65116 | Vaults:4 | Killed Norris
 65223 | Vaults:4 | Found Rabli's Book Shoppe.
 65233 | Vaults:4 | Bought a book of Unlife for 648 gold pieces
 65339 | Vaults:4 | Reached XP level 26. HP: 222/222 MP: 33/33
 65414 | Vaults:4 | Noticed Zenata
 65425 | Vaults:4 | Killed Zenata
 65658 | Vaults:5 | Entered Level 5 of the Vaults
 65661 | Vaults:5 | Noticed a dread lich
 65678 | Vaults:5 | Killed a dread lich
 65830 | Vaults:5 | Found Puar's Magic Scroll Shoppe.
 65886 | Vaults:5 | Found Niess's Magic Scroll Shop.
 66091 | Vaults:5 | Bought a scroll of teleportation for 42 gold pieces
 66091 | Vaults:5 | Bought a scroll of teleportation for 42 gold pieces
 66161 | Vaults:5 | Noticed an ancient lich
 66173 | Vaults:5 | Killed an ancient lich
 66185 | Vaults:5 | Identified the +0 broad axe of the Jumping Soothsayer
                  | {freeze, Dex+4}
 66234 | Vaults:5 | Reached skill level 22 in Fighting
 66244 | Vaults:5 | Identified the ring of Untruth {rElec rN+}
 66864 | Vaults:5 | Found Tilugof's Distillery.
 66869 | Vaults:5 | Bought a potion of heal wounds for 90 gold pieces
 66869 | Vaults:5 | Bought a potion of haste for 180 gold pieces
 66869 | Vaults:5 | Bought a potion of might for 72 gold pieces
 66869 | Vaults:5 | Bought a potion of ambrosia for 144 gold pieces
 66869 | Vaults:5 | Bought a potion of haste for 180 gold pieces
 66869 | Vaults:5 | Bought a potion of invisibility for 144 gold pieces
 66869 | Vaults:5 | Bought a potion of curing for 54 gold pieces
 66869 | Vaults:5 | Bought a potion of curing for 54 gold pieces
 67144 | Vaults:5 | Got a silver rune of Zot
 67171 | Vaults:5 | Identified the +2 scale mail of Ignis's Displeasure {rN+}
 68134 | Vaults:5 | Found Afajysih's Distillery.
 68172 | Vaults:5 | Bought a potion of haste for 170 gold pieces
 68172 | Vaults:5 | Bought 2 potions of invisibility for 272 gold pieces
 68172 | Vaults:5 | Bought a potion of brilliance for 68 gold pieces
 68172 | Vaults:5 | Bought a potion of haste for 170 gold pieces
 68172 | Vaults:5 | Bought a potion of might for 68 gold pieces
 68781 | Zot:1    | Entered Level 1 of the Realm of Zot
 68970 | Zot:1    | Reached XP level 27. HP: 219/233 MP: 13/33
 69221 | Zot:1    | Upgraded the game from 0.32-a0-607-g64ea0e4219 to
                  | 0.32-a0-613-g40f424ee2b
 70962 | Zot:2    | Noticed an orb of fire
 70976 | Zot:2    | Killed an orb of fire
 70983 | Zot:2    | Noticed an orb of fire
 71007 | Zot:2    | Killed an orb of fire
 71558 | Zot:2    | Found the +4 dragonskin cloak
 71558 | Zot:2    | Noticed Tiamat
 71576 | Zot:2    | Killed Tiamat
 71576 | Zot:2    | Bound Tiamat
 71975 | Zot:2    | Reached skill level 23 in Fighting
 72473 | Zot:2    | Identified the +8 falchion of Plunder {freeze, *Noise rN+
                  | rCorr Str+6}
 72515 | Zot:2    | Reached skill level 15 in Invocations
 76125 | Slime:1  | Entered Level 1 of the Pits of Slime
 77188 | Slime:2  | Learned a level 4 spell: Ignite Poison
 77383 | Slime:1  | Reached skill level 1 in Fire Magic
 77383 | Slime:1  | Reached skill level 1 in Alchemy
 78246 | Slime:5  | Entered Level 5 of the Pits of Slime
 78369 | Slime:5  | Noticed the Royal Jelly
 78381 | Slime:5  | Killed the Royal Jelly
 78382 | Slime:5  | Reached skill level 5 in Alchemy
 78403 | Slime:5  | Found the +3 pair of mountain boots {steadfast, rC+}
 78409 | Slime:5  | Reached skill level 5 in Fire Magic
 78457 | Slime:5  | Identified the staff of Meag {rF+ Dex+4 Conj Tloc}
 78483 | Slime:5  | Found the +5 moon troll leather armour {Spirit, Regen++
                  | MP+5}
 78520 | Slime:5  | Acquired 845 gold pieces
 78654 | Slime:5  | Got a slimy rune of Zot
 78655 | Slime:5  | Identified the staff of Veemmos {rElec rF+ rN+ rCorr Air
                  | Alchemy}
 78791 | Slime:5  | Gained mutation: You have hidden genetic defects. [a
                  | shining eye]
 79536 | Orc:2    | Bought +0 shadow dragon scales for 1440 gold pieces
 79625 | Elf:1    | Bought a pair of runed gloves for 262 gold pieces
 79967 | Vaults:4 | You paid a toll of +2 shadow dragon scales to enter a
                  | treasure trove
 79968 | Trove    | Entered a treasure trove
 79989 | Trove    | Got Sif Muna's Quarto of the Ill-fated Boggart
 80551 | Zot:5    | Entered Level 5 of the Realm of Zot
 81890 | Zot:5    | Noticed an orb of fire
 81896 | Zot:5    | Noticed an orb of fire
 81897 | Zot:5    | Killed an orb of fire
 81905 | Zot:5    | Noticed a dread lich
 81906 | Zot:5    | Noticed an ancient lich
 81907 | Zot:5    | Noticed an ancient lich
 81909 | Zot:5    | Killed an orb of fire
 81910 | Zot:5    | Killed an ancient lich
 81911 | Zot:5    | Gained mutation: Your health recovers twice as slowly from
                  | being drained. [hidden defects]
 81913 | Zot:5    | Noticed an ancient lich
 81925 | Zot:5    | Noticed an orb of fire
 81927 | Zot:5    | Noticed an ancient lich
 81928 | Zot:5    | Killed a dread lich
 81934 | Zot:5    | Your ally Tiamat died
 81939 | Zot:5    | Killed an ancient lich
 81952 | Zot:5    | Reached skill level 24 in Fighting
 82168 | Zot:5    | Gained mutation: Your body sometimes deteriorates upon
                  | taking damage. [hidden defects]
 82168 | Zot:5    | Lost mutation: You have hidden genetic defects. [hidden
                  | defects expressed]
 82286 | Zot:5    | Lost mutation: Your body sometimes deteriorates upon taking
                  | damage. [potion of mutation]
 82286 | Zot:5    | Lost mutation: Your health recovers twice as slowly from
                  | being drained. [potion of mutation]
 82286 | Zot:5    | Gained mutation: Your spells are a little easier to cast,
                  | but a little less powerful. [potion of mutation]
 82286 | Zot:5    | Gained mutation: You are occasionally teleported next to
                  | monsters. [potion of mutation]
 82286 | Zot:5    | Gained mutation: You have a beak for a mouth. [potion of
                  | mutation]
 82287 | Zot:5    | Lost mutation: You have a beak for a mouth. [potion of
                  | mutation]
 82287 | Zot:5    | Lost mutation: Your spells are a little easier to cast, but
                  | a little less powerful. [potion of mutation]
 82287 | Zot:5    | Gained mutation: You sometimes lose your temper in combat.
                  | [potion of mutation]
 82287 | Zot:5    | Gained mutation: Your body sometimes deteriorates upon
                  | taking damage. [potion of mutation]
 82287 | Zot:5    | Gained mutation: You are frail. (-10% HP) [potion of
                  | mutation]
 82288 | Zot:5    | Lost mutation: You sometimes lose your temper in combat.
                  | [potion of mutation]
 82288 | Zot:5    | Lost mutation: You are frail. (-10% HP) [potion of
                  | mutation]
 82288 | Zot:5    | Lost mutation: Your body sometimes deteriorates upon taking
                  | damage. [potion of mutation]
 82288 | Zot:5    | Gained mutation: You are vulnerable to heat. (rF-) [potion
                  | of mutation]
 82288 | Zot:5    | Gained mutation: Your flesh is cold resistant. (rC+)
                  | [potion of mutation]
 82288 | Zot:5    | Gained mutation: You occasionally shout uncontrollably at
                  | your foes. [potion of mutation]
 82288 | Zot:5    | Gained mutation: You passively dampen the noise of your
                  | surroundings. [potion of mutation]
 82289 | Zot:5    | Lost mutation: You occasionally shout uncontrollably at
                  | your foes. [potion of mutation]
 82289 | Zot:5    | Lost mutation: You passively dampen the noise of your
                  | surroundings. [potion of mutation]
 82289 | Zot:5    | Lost mutation: You are vulnerable to heat. (rF-) [potion of
                  | mutation]
 82289 | Zot:5    | Gained mutation: Your spells are a little easier to cast,
                  | but a little less powerful. [potion of mutation]
 82289 | Zot:5    | Gained mutation: You have a pair of small horns on your
                  | head. [potion of mutation]
 82289 | Zot:5    | Gained mutation: You have a pair of horns on your head.
                  | [potion of mutation]
 82551 | Zot:5    | Noticed a dread lich
 82557 | Zot:5    | Noticed a dread lich
 82565 | Zot:5    | Killed a dread lich
 82569 | Zot:5    | Paralysed by something for 2 turns
 82582 | Zot:5    | Lost mutation: You have a pair of horns on your head.
                  | [potion of mutation]
 82582 | Zot:5    | Lost mutation: You have a pair of small horns on your head.
                  | [potion of mutation]
 82582 | Zot:5    | Lost mutation: Your spells are a little easier to cast, but
                  | a little less powerful. [potion of mutation]
 82582 | Zot:5    | Gained mutation: Your muscles are strong. (Str +4, Int/Dex
                  | -1) [potion of mutation]
 82592 | Zot:5    | Killed a dread lich
 82600 | Zot:5    | Killed an orb of fire
 82602 | Zot:5    | Killed an ancient lich
 82633 | Zot:5    | Killed an ancient lich
 82907 | Zot:5    | Noticed an ancient lich
 82913 | Zot:5    | Killed an ancient lich
 82990 | Zot:5    | Reached skill level 10 in Spellcasting
 83469 | Hell     | Entered the Vestibule of Hell
 83469 | Hell     | Noticed Geryon
 83501 | Hell     | Killed Geryon
 83820 | Hell     | Found a gateway to the decaying netherworld of Tartarus.
 83971 | Hell     | Your ally Geryon died
 84243 | Hell     | Found a gateway to the freezing wastes of Cocytus.
 84331 | Coc:1    | Entered Level 1 of Cocytus
 85634 | Coc:4    | Reached skill level 15 in Evocations
 85923 | Coc:5    | HP: 2/240 [elemental wellspring/torrent of water (48)]
 85924 | Coc:5    | Reached skill level 25 in Fighting
 85924 | Coc:5    | Paralysed by a wendigo for 1 turns
 85925 | Coc:5    | Killed from afar by a wendigo

Illustrated notes

Levels and vault maps discovered:
D:1:      minmay_arrival_solitary_statue, layout_basic, minmay_gold_behind_fungi
D:2:      layout_basic, serial_glass, glass_columns_a, glass_columns_a,
          due_unseen_surprise, minmay_strange_pillars, minmay_strange_pillars,
          item_on_display_a
D:3:      layout_basic, nicolae_yredelemnul_corpse_copse, serial_glass,
          glass_columns_a, glass_columns_b, grunt_ministairs_11
D:4:      layout_cave_pools, kennysheep_mini_moat,
          minmay_temple_entry_nine_rooms, serial_shops, nicolae_stop_n_shop_2
D:5:      minmay_evil_eye, layout_basic, serial_bayou, serial_bayou_pond_d,
          serial_bayou_pond_a, serial_bayou_pond_e, serial_bayou_pond_e,
          uniq_eustachio
D:6:      layout_layer_cave, enter_ossuary_3, guppyfry_shop_venom
D:7:      layout_loops_corners, nicolae_overflow_hidden_temple, uniq_joseph,
          uniq_pikel
D:8:      layout_loops_corners, st_stairs_12, uniq_grum, uniq_maurice,
          uniq_maggie, uniq_prince_ribbit1
D:9:      cheibrodos_steamvent, layout_loops_ring, lemuel_doored_altar,
          dpeg_lair_monsters, enter_bailey_5, nicolae_shop_self_help
D:10:     layout_rooms, xom_shifter_show
D:11:     layout_loops_ring, erik_orc_1, portal_ice_cave_entry_ice_simulacra,
          serial_library_hellmonk_h_bend, uniq_psyche, uniq_nergalle
D:12:     layout_irregular_city, chequers_garden, uniq_fannar, uniq_kirke,
          uniq_snorg
D:13:     layout_roguey, hellmonk_vaults_attempted_burglary, uniq_azrael
D:14:     layout_roguey, serial_undead, serial_undead_b, serial_undead_a,
          serial_undead_b, serial_undead_e, minmay_misc_feat_doors,
          grunt_ministairs_8, minmay_misc_feat_tiny, hangedman_glass_teeth
D:15:     hangedman_depths_entry_try_elsewhere_first, layout_irregular_city,
          dk_noncrumbling_2, minmay_rotating_lava
Lair:1:   layout_regular_city
Lair:2:   layout_chaotic_city, dummy_snake_entry, gauntlet_entry_generic,
          beast_lair_carwin_4, uniq_erica
Lair:3:   layout_long_grid, minmay_shoals_entry_beasts,
          hangedman_lair_unloving_vines, uniq_amaemon
Lair:4:   layout_small_grid, slime_entry_1, grunt_megastairs_5
Shoals:1: layout_shoals
Shoals:2: layout_shoals, gammafunk_ghost_necromancy
Shoals:3: nicolae_shoals_lighthouse, layout_shoals, serial_shops, shop,
          nicolae_shoals_dead_sea_scrolls
Shoals:4: shoals_end_hellmonk_storm_palace [storm_palace_center_ruins,
          storm_palace_corner_altar, storm_palace_corner_narrow,
          storm_palace_corner_blocked, storm_palace_corner_narrow], uniq_nikola,
          uniq_polyphemus
Snake:1:  layout_basic, grunt_megastairs_1, serial_bayou_shore_b, uniq_roxanne,
          uniq_aizul, uniq_louise
Snake:2:  layout_misc_corridors, drop_trap, serial_bayou_lagoon_a,
          nicolae_wooded_promenade, lemuel_fruit_tree
Snake:3:  layout_rooms, nicolae_snake_salamander_zone, uniq_asterion
Snake:4:  snake_pit, layout_misc_corridors, nicolae_letterblocks
          [nicolae_letter_subblock, nicolae_letter_subblock,
          nicolae_letter_subblock, nicolae_letter_subblock,
          nicolae_letter_subblock, nicolae_letter_subblock,
          nicolae_letter_subblock, nicolae_letter_subblock,
          nicolae_letter_subblock, nicolae_letter_subblock,
          nicolae_letter_subblock, nicolae_letter_subblock,
          nicolae_letter_subblock, nicolae_letter_subblock,
          nicolae_letter_subblock, nicolae_letter_subblock,
          nicolae_letter_subblock, nicolae_letter_subblock,
          nicolae_letter_subblock, nicolae_letter_subblock,
          nicolae_letter_subblock, nicolae_letter_subblock,
          nicolae_letter_subblock, nicolae_letter_subblock,
          nicolae_letter_subblock], minmay_shop_star
Slime:1:  layout_caves
Slime:2:  layout_caves
Slime:3:  layout_caves
Slime:4:  layout_caves
Slime:5:  slime_pit_nicolae_trefoil
Orc:1:    layout_caves
Orc:2:    grunt_orc_gardens, layout_caves, grunt_orc_garden, grunt_orc_garden,
          grunt_orc_garden, grunt_orc_garden, basic_altar
Elf:1:    elf_arrival_002, layout_geoelf_diagonals, serial_shops,
          nicolae_shop_just_a_little_nook, minmay_elf_necromancy,
          hellmonk_sif_muna_bookshelves, uniq_donald, uniq_agnes
Elf:2:    elven_hall_of_blades_hangedman_alternative
          [nicolae_blade_entry_floor_patterns], layout_loops_cross,
          serial_shops, shop, nicolae_elf_archery_training
Elf:3:    minmay_elf_hall_x, layout_loops_ring
Vaults:1: nicolae_vaults_little_squares_5, hangedman_vaults_stream,
          nicolae_vaults_six-pack, nicolae_vaults_closet_pinwheel_6,
          nicolae_vaults_two_Ls, vaults_dpeg_ring,
          nicolae_vaults_closet_pinwheel_4, nicolae_vaults_closet_pinwheel_2,
          nicolae_vaults_house_2, nicolae_vaults_twisting_passages,
          nicolae_vaults_little_squares_2, nicolae_vaults_hexular_roomagon,
          nicolae_vaults_little_squares_2, layout_vaults_ring, serial_shops,
          nicolae_shop_temple_entry_statues_fountains,
          nicolae_shop_rolling_square, nicolae_shop_back_alley_shop,
          nicolae_shop_tiny_glass, shop
Vaults:2: dpeg_index_elf_rogue_hall, nicolae_vaults_two_Ls,
          nicolae_vaults_arrows, nicolae_vaults_cochlea,
          nicolae_vaults_double_plus_2, vaults_dpeg_emergency_exit,
          grunt_vaults_funnel, v_rooms_1, vaults_dpeg_encased_lava, v_misc_26,
          nicolae_vaults_trapezoid_lopsided_3, layout_vaults_maze_bifur
Vaults:3: nicolae_vaults_network_star, nicolae_vaults_closet_pinwheel_5,
          nicolae_vaults_little_squares_3, nicolae_vaults_alarming,
          grunt_vaults_focal, v_misc_18, minmay_crypt_entry_simple_box,
          nicolae_vaults_trapezoid_lopsided_3, layout_vaults_quadrants
Vaults:4: v_alt_pattern_2, nicolae_vaults_more_shelving_2, nicolae_whirlpool,
          v_alt_pattern_2, ontoclasm_vaults_fault, hangedman_vaults_restitches,
          hangedman_vaults_unwind, vaults_room_boxed,
          nicolae_vaults_trapezoid_layered, nicolae_vaults_trapezoid_1,
          layout_vaults_omnicross, nicolae_trove_entry_path_of_doom,
          serial_shops, nicolae_shop_window_shopping, uniq_norris, uniq_jory,
          uniq_zenata
Vaults:5
Crypt:1:  layout_misc_corridors, grunt_crypt_arrival_webbed
Crypt:2:  layout_misc_corridors, grunt_megastairs_2
Crypt:3:  lightli_unholy_cathedral, layout_chaotic_city,
          serial_library_regret_index_double_sided, small_statue_intersection,
          due_unseen_surprise
Depths:1: layout_long_grid, enter_ziggurat_b, nicolae_hepliaklqana_hazy_memory,
          abyss_entry_small_statue_room, grunt_pan_entry_in_and_out,
          hangedman_coc_ice_floe, st_stairs_1, nicolae_vehumet_radiance,
          minmay_shoptagon
Depths:2: grunt_profane_halls [grunt_profane_loot, grunt_profane_temple_geh,
          grunt_profane_temple_tar, grunt_profane_temple_coc,
          grunt_profane_temple_dis], hell_entry, pan_entry, uniq_saint_roka,
          uniq_grunn
Depths:3: minmay_crescents, layout_cave_shapes, serial_shops,
          nicolae_shop_pleasant_corner_grove, glass_columns_c,
          grunt_pan_entry_sceptre, grunt_hell_entry_dis_old,
          nicolae_abyss_entry_one_way_or_another, infiniplex_staircase_zigzag_2,
          uniq_sojobo
Depths:4: evilmike_zot_entry_hall, layout_cave_pools, abyss_entry, hell_entry,
          grunt_decor_mini_mirrors, serial_column_ruins, column_ruins_hut,
          column_ruins_courtyard_long, column_ruins_columns_corner,
          column_ruins_open_tiny, column_ruins_open_medium, column_ruins_grid_1,
          column_ruins_open_tiny, nicolae_ru_great_annihilating_truth
Hell
Coc:1:    layout_cocytus_water_paths
Coc:2:    layout_cocytus_water_paths
Coc:3:    nicolae_hells_giants_party, layout_ice_bergs
Coc:4:    layout_cocytus_water_paths
Coc:5:    nicolae_coc_three_more_mouths, layout_ice_bergs
Zot:1:    layout_cellular_growth, st_small_dragon_hoard_1
Zot:2:    layout_basic, hangedman_elemental_corridor, uniq_tiamat
Zot:3:    layout_concentric_octagons
Zot:4:    grunt_zot_stairs_faceoff, layout_gridlike,
          hangedman_zot_diagonal_lockstep
Zot:5:    layout_basic

Skill      XL: |  1  2  3  4  5  6  7  8  9 10 11 12 13 14 15 16 17 18 19 20 21 22 23 24 25 26 27 |
---------------+----------------------------------------------------------------------------------+-----
Dodging        | 2 3 6 7 8 10 11 12 14 15 16 19 | 19.6
Long Blades    | 3 4 5 7 9 11 | 11.2
Evocations     | 4 8 10 15 | 15.4
Short Blades   | 2 3 8 10 12 13 | 13.3
Armour         | 2 10 12 13 14 15 16 18 22 | 22.2
Fighting       | 4 6 8 10 11 12 13 15 16 17 18 19 20 21 22 25 | 25.0
Earth Magic    | 2 |  2.0
Invocations    | 6 7 8 10 11 12 13 14 16 | 16.0
Stealth        | 6 7 |  7.0
Hexes          | 3 4 |  4.1
Polearms       | 6 12 13 14 | 14.4
Translocations | 11 15 | 15.0
Spellcasting   | 2 5 6 10 | 10.0
Necromancy     | 8 10 13 | 13.0
Fire Magic     | 6 |  6.1
Alchemy        | 7 |  7.3

Action                     |  1- 3 |  4- 6 |  7- 9 | 10-12 | 13-15 | 16-18 | 19-21 | 22-24 | 25-27 || total
---------------------------+-------+-------+-------+-------+-------+-------+-------+-------+-------++-------
  Melee: Falchion          |    17 |    35 |   345 |       |       |       |       |       |       ||   397
         Dagger            |    15 |    34 |   271 |   599 |   887 |   226 |       |       |       ||  2032
         Rapier            |       |       |   232 |   598 |   873 |   459 |  1018 |   340 |       ||  3520
         Demon blade       |       |       |       |       |       |   336 |       |   586 |  1980 ||  2902
         Lance             |       |       |       |       |       |   267 |  1534 |  1235 |  2437 ||  5473
         Headbutt          |       |       |       |       |       |       |       |       |     7 ||     7
   Fire: Sling             |       |       |       |       |    14 |       |       |       |       ||    14
  Throw: Dart              |       |       |     6 |     6 |     4 |     6 |     1 |     2 |       ||    25
   Cast: Jinxbite          |       |       |       |       |       |     3 |       |     1 |       ||     4
         Manifold Assault  |       |       |       |       |       |       |    37 |   189 |   544 ||   770
         Blink             |       |       |       |       |       |       |       |     1 |       ||     1
         Fugue of the Fall |       |       |       |       |       |       |       |    15 |    69 ||    84
         Lesser Beckoning  |       |       |       |       |       |       |       |     1 |     1 ||     2
         Sublimation of Bl |       |       |       |       |       |       |       |       |    68 ||    68
         Passage of Golubr |       |       |       |       |       |       |       |       |     3 ||     3
         Gell's Gravitas   |       |       |       |       |       |       |       |       |     1 ||     1
         Ignite Poison     |       |       |       |       |       |       |       |       |     2 ||     2
 Invoke: Light the Black T |       |       |     7 |     7 |    10 |     5 |     8 |     6 |    16 ||    59
         Recall Undead Har |       |       |       |     2 |     8 |    12 |     9 |     9 |     9 ||    49
         Bind Soul         |       |       |       |     1 |     1 |     1 |       |     2 |     2 ||     7
         Hurl Torchlight   |       |       |       |       |     1 |     1 |     1 |     5 |     2 ||    10
         Fathomless Shackl |       |       |       |       |       |     3 |     1 |     2 |     2 ||     8
Ability: Invent Gizmo      |       |       |       |       |     1 |       |       |       |       ||     1
  Evoke: Wand              |       |    10 |     7 |    10 |     5 |    18 |     4 |     6 |    14 ||    74
         Lightning rod     |       |       |       |       |       |       |       |     1 |     2 ||     3
         Horn of Geryon    |       |       |       |       |       |       |       |       |     1 ||     1
         Box of beasts     |       |       |       |       |       |       |       |       |     1 ||     1
         Tin of tremorston |       |       |       |       |       |       |       |       |     1 ||     1
    Use: Scroll            |       |     1 |     8 |     8 |    12 |    14 |     1 |     7 |    18 ||    69
         Potion            |       |     1 |     3 |     9 |     7 |    17 |     4 |     6 |    26 ||    73
   Stab: Distracted        |       |       |     1 |     7 |    15 |    18 |    26 |    30 |    28 ||   125
         Sleeping          |       |       |       |     2 |    17 |    23 |    25 |    17 |     3 ||    87
         Petrifying        |       |       |       |       |     1 |       |       |       |       ||     1
         Invisible         |       |       |       |       |     1 |     1 |     3 |       |       ||     5
         Held in net/web   |       |       |       |       |       |       |     1 |       |       ||     1
         Paralysed         |       |       |       |       |       |       |       |    11 |     9 ||    20
 Armour: Leather armour    |    14 |       |       |    22 |       |       |       |       |       ||    36
         Chain mail        |       |    21 |   309 |     3 |       |       |       |       |       ||   333
         Acid dragon scale |       |       |       |   246 |   424 |   529 |   432 |   455 |    49 ||  2135
         Plate armour      |       |       |       |       |       |       |       |       |   870 ||   870
         Skin              |       |       |       |       |       |       |       |       |    23 ||    23
  Dodge: Dodged            |    10 |    12 |   158 |   230 |   328 |   409 |   317 |   349 |   488 ||  2301
         Repelled          |       |       |       |       |    17 |    69 |    61 |    58 |   134 ||   339
         Form:             |       |       |       |       |       |     1 |       |       |       ||     1
         Serpent           |       |       |       |       |       |     1 |       |       |       ||     1

Table legend: (Time is in decaauts)
 A = Elapsed time spent in this place.
 B = Non-inter-level travel time spent in this place.
 C = Inter-level travel time spent in this place.
 D = Time resting spent in this place.
 E = Time spent auto-exploring this place.
 F = Levels seen in this place.
 G = Mean time per level.
                   A        B        C        D        E       F      G
               +--------+--------+--------+--------+--------+-----+--------+
         Total |  82338 |  72775 |   9563 |  16027 |  44638 |  64 | 1286.5 |
       Dungeon |  19077 |  15699 |   3378 |   2662 |  10570 |  15 | 1271.8 |
          Lair |   5202 |   4092 |   1110 |      0 |   3507 |   4 | 1300.5 |
        Shoals |   5600 |   5342 |    258 |    688 |   3745 |   4 | 1400.0 |
     Snake Pit |   6204 |   5721 |    483 |   2420 |   2313 |   4 | 1551.0 |
    Slime Pits |   3256 |   2796 |    460 |    244 |   2085 |   5 |  651.2 |
  Orcish Mines |   1743 |   1403 |    340 |    308 |    862 |   2 |  871.5 |
   Elven Halls |   4466 |   4156 |    310 |    722 |   2619 |   3 | 1488.7 |
        Vaults |  13055 |  11861 |   1194 |   2936 |   7083 |   5 | 2611.0 |
         Crypt |   4134 |   3810 |    324 |   1105 |   2071 |   3 | 1378.0 |
        Depths |   7454 |   6481 |    973 |   1694 |   3648 |   4 | 1863.5 |
          Hell |    762 |    754 |      8 |    242 |    277 |   1 |  762.0 |
       Cocytus |   1490 |   1437 |     53 |    872 |    210 |   5 |  298.0 |
           Zot |   8556 |   7889 |    667 |   1773 |   5032 |   5 | 1711.2 |
         Trove |     96 |     96 |      0 |      0 |     81 |   1 |   96.0 |
       Ossuary |    539 |    539 |      0 |    141 |    211 |   1 |  539.0 |
        Bailey |    217 |    217 |      0 |      0 |    143 |   1 |  217.0 |
      Ice Cave |    480 |    480 |      0 |    217 |    179 |   1 |  480.0 |
               +--------+--------+--------+--------+--------+-----+--------+

Top non-repeatable levels by time:
Vaults:2: 3348 daAuts
Vaults:1: 2735 daAuts
Vaults:5: 2590 daAuts
    D:15: 2501 daAuts
Vaults:4: 2234 daAuts
   Zot:1: 2205 daAuts
Depths:2: 2185 daAuts
Vaults:3: 2147 daAuts
 Snake:2: 2089 daAuts
   Zot:2: 1953 daAuts
Depths:4: 1813 daAuts
 Snake:4: 1812 daAuts
Depths:3: 1800 daAuts
    D:13: 1751 daAuts
   Zot:3: 1688 daAuts
